 Dungeon Crawl Stone Soup version 0.29-a0-397-g846e4a0bbc (webtiles) character file.

Game seed: 9258754697032453672

135 tife0686 the Ruffian (level 5, 0/33 HPs)
             Began as a Gargoyle Monk on May 11, 2022.
             Was a Believer of the Shining One.
             Splashed by a jelly's acid (11 damage)
             ... on level 4 of the Dungeon.
             The game lasted 00:30:03 (3354 turns).

tife0686 the Ruffian (Gargoyle Monk)                Turns: 3354, Time: 00:30:03

Health: 0/33       AC:  1    Str: 15    XL:     5   Next: 18%
Magic:  4/5        EV: 11    Int: 10    God:    the Shining One [**....]
Gold:   134        SH:  0    Dex: 14    Spells: 3/4 levels left

rFire   . . .      SeeInvis .     - Unarmed
rCold   . . .      Faith    .   (no shield)
rNeg    + + .      Spirit   .   e - +1 ring mail {Will+}
rPois   ∞          Reflect  .   k - +2 hat
rElec   +          Harm     .   (no cloak)
rCorr   .          Rampage  .   f - +0 pair of gloves
Will    +....                   (no boots)
Stlth   +.........              (no amulet)
HPRegen 0.11/turn               (no ring)
MPRegen 0.09/turn               (no ring)

@: corroded, very slightly contaminated, glowing
A: sickness immunity, AC +4, negative energy resistance 1, electricity
resistance, torment resistance 1, petrification resistance
a: Renounce Religion, Divine Shield


You were on level 4 of the Dungeon.
You worshipped the Shining One.
The Shining One was pleased with you.
You visited 1 branch of the dungeon, and saw 4 of its levels.

You collected 134 gold pieces.

Inventory:

Armour
 a - a +0 robe
 c - a +0 leather armour
 e - a +1 ring mail of willpower (worn)
 f - a +0 pair of gloves (worn)
 k - a +2 hat (worn)
Scrolls
 h - a scroll of fog
 l - a scroll of teleportation
Potions
 b - a potion of ambrosia
 d - a potion of cancellation
 g - 4 potions of heal wounds
 i - a potion of curing
 j - a potion of invisibility {unknown}
 m - a potion of lignification
 n - 2 potions of might


   Skills:
 + Level 3.7 Fighting
 + Level 1.9 Armour
 + Level 2.9 Dodging
 - Level 2.6 Stealth
 + Level 4.4 Unarmed Combat
 + Level 0.1 Hexes


You had 3 spell levels left.
You knew the following spells:

 Your Spells              Type           Power      Damage    Failure   Level
a - Slow                  Hex            0%         N/A       56%         1

Your spell library contained the following spells:

 Spells                   Type           Power      Damage    Failure   Level
 Confusing Touch          Hex            0%         N/A       91%         3
 Dazzling Flash           Conj/Hex       0%         N/A       91%         3
 Vampiric Draining        Necr           0%         2d6       91%         3
 Iskenderun's Mystic Bla  Conj/Tloc      0%         2d3       100%        4
 Dispersal                Tloc           0%         N/A       100%        6
 Starburst                Conj/Fire      0%         6d3       100%        6
 Disjunction              Tloc           0%         N/A       100%        8


Dungeon Overview and Level Annotations

Branches:
Dungeon (4/15)
 Temple: D:4-7

Altars:
Ashenzari
Hepliaklqana
Ru
Trog
Yredelemnul
The Shining One

Shops:
D:2 ((


Innate Abilities, Weirdness & Mutations

You are immune to sickness and miasma.
Your stone body is resilient. (AC +4)
You are immune to poison.
You resist negative energy. (rN+)
You are resistant to electric shocks. (rElec)
You are resistant to unholy torment.
You are immune to petrification.


Message History

The quokka misses you. The quokka bites you.
You closely miss the quokka.
The quokka is lightly wounded.
The quokka barely misses you.
You barely miss the quokka.
The quokka is lightly wounded.
The quokka bites you but does no damage.
Your magical contamination has completely faded away.
You punch the quokka!
You kill the quokka!
HP restored.
Magic restored.
Found a bloodstained altar of Trog.
Found a hazy altar of Hepliaklqana.
Found a quarterstaff.
A jelly comes into view.
The jelly moves out of view.
The jelly quivers.
Casting: Slow (safe; 56% risk of failure)
Confirm with . or Enter, or press ? or * to list all spells.
Aiming: Slow (safe; 56% risk of failure)
Press: ? - help, Shift-Dir - straight line, f - jelly
Aim: a jelly (chance to affect: 41%)
You miscast Slow.
You are very lightly contaminated with residual magic.
Nothing appears to happen.
You hit the jelly. The acid corrodes you!
Your hands burn!
You punch the jelly, but do no damage.
The jelly is lightly wounded.
The jelly closely misses you.
You hit the jelly.
Your hands burn!
You punch the jelly.
The jelly is heavily wounded.
The jelly hits you. The acid corrodes you!
You are splashed with acid!
You hit the jelly but do no damage.
Your hands burn!
You punch the jelly!
The jelly is almost dead.
The jelly closely misses you.
You hit the jelly but do no damage.
Your hands burn!
The jelly is almost dead.
The jelly hits you. The acid corrodes you!
You are splashed with acid!
You die...

#..#.......
#.##....#.#..
#.#...#...#.#
....##......# ....
#..........# .
....###.......... ...
......#........####.....
...............@J......
. .)...._....#........^
.# #....8...##.####..##
.# #...._...#### ## .
##..........# #
##...#.#....##
###...##......##
.....#####.....# ......#
##....#


You could see a jelly.

Vanquished Creatures
  3 adders (D:2)
  2 river rats (D:3)
  2 worms (D:3)
  3 dart slugs (D:2)
  3 orcs (D:3)
  2 endoplasms
  5 giant cockroaches
  4 goblins
  7 hobgoblins
  7 jackals (D:1)
  7 kobolds
  5 quokkas
  4 ball pythons
  8 bats
  4 frilled lizards
  4 rats
70 creatures vanquished.

Notes
Turn   | Place    | Note
-------+----------+-------------------------------------------
     0 | D:1      | tife0686 the Gargoyle Monk began the quest for the Orb.
     0 | D:1      | Reached XP level 1. HP: 14/14 MP: 1/1
   186 | D:1      | Reached XP level 2. HP: 12/19 MP: 2/2
   515 | D:1      | You fall into a shaft and drop 1 floor!
   872 | D:2      | Reached XP level 3. HP: 23/23 MP: 3/3
  1144 | D:2      | Found Axzepueh's Antique Weapon Shop.
  1297 | D:2      | Reached skill level 1 in Armour
  1297 | D:2      | Reached XP level 4. HP: 24/28 MP: 4/4
  1348 | D:2      | Found Qujyqykaext's Antique Weapon Shop.
  1795 | D:2      | Learned a level 1 spell: Slow
  1994 | D:1      | Reached skill level 4 in Unarmed Combat
  2526 | D:3      | Found a faded altar of an unknown god.
  2581 | D:3      | Prayed at the altar of an unknown god.
  2581 | D:3      | Became a worshipper of the Shining One
  2581 | D:3      | Reached * piety under the Shining One
  2581 | D:3      | Reached ** piety under the Shining One
  2782 | D:3      | Found a sacrificial altar of Ru.
  3065 | D:3      | Reached XP level 5. HP: 32/32 MP: 5/5
  3082 | D:3      | Found a glowing drain.
  3259 | D:3      | Found a faded altar of an unknown god.
  3259 | D:3      | Found a glowing golden altar of the Shining One.
  3266 | D:3      | Found a basalt altar of Yredelemnul.
  3268 | D:3      | Found a faded altar of an unknown god.
  3270 | D:3      | Found a broken altar of Ashenzari.
  3325 | D:4      | Found a bloodstained altar of Trog.
  3326 | D:4      | Found a hazy altar of Hepliaklqana.
  3354 | D:4      | Splashed by a jelly's acid

Illustrated notes

Levels and vault maps discovered:
D:1:      minmay_arrival_arboretum_large, layout_loops_corners
D:2:      layout_basic, serial_shops, nicolae_square_shop,
          nicolae_shop_behind_doors, amethyst_killhole, st_stairs_14,
          minmay_tetromino_o4
D:3:      layout_rooms, chequers_temple_overflow_minitemple,
          mainiacjoe_overflow_chevrons, shapermc_ecumenical_altar_pompeii,
          portal_sewer_entry_e
D:4:      layout_cave_pools, vehumet_altar_wand_db,
          chequers_temple_overflow_statue_of_worship, minmay_bent

Skill      XL: |  1  2  3  4 |
---------------+-------------+-----
Armour         | 1 |  1.9
Unarmed Combat | 4 |  4.4
Fighting       | |  3.7
Dodging        | |  2.9
Stealth        | |  2.6
Hexes          | |  0.1

Action                   |  1- 3 |  4- 6 || total
-------------------------+-------+-------++-------
Melee: Unarmed           |   117 |   161 ||   278
       Punch             |     5 |     6 ||    11
 Cast: Slow              |       |     1 ||     1
  Use: Scroll            |       |    13 ||    13
 Stab: Sleeping          |     3 |     3 ||     6
Armor: Leather armour    |    37 |    19 ||    56
       Ring mail         |       |    36 ||    36
Dodge: Dodged            |    62 |    63 ||   125

Table legend: (Time is in decaauts)
 A = Elapsed time spent in this place.
 B = Non-inter-level travel time spent in this place.
 C = Inter-level travel time spent in this place.
 D = Time resting spent in this place.
 E = Time spent auto-exploring this place.
 F = Levels seen in this place.
 G = Mean time per level.
                   A        B        C        D        E       F      G
               +--------+--------+--------+--------+--------+-----+--------+
         Total |   3338 |   3214 |    124 |    385 |   2214 |   4 |  834.5 |
       Dungeon |   3338 |   3214 |    124 |    385 |   2214 |   4 |  834.5 |
               +--------+--------+--------+--------+--------+-----+--------+

Top non-repeatable levels by time:
     D:2: 1377 daAuts
     D:1: 1099 daAuts
     D:3: 800 daAuts
     D:4: 61 daAuts
